 Dungeon Crawl Stone Soup version bcrawl-1.37.2 (webtiles) character file.

Game seed: 11526729667956578609

119876 Mehrunes the Slasher (level 5, -3/49 HPs)
             Began as a Naga Fighter on Oct 27, 2022.
             Slain by Grinder (7 damage)
             ... on level 3 of the Dungeon.
             The game lasted 00:10:52 (3522 turns).

Mehrunes the Slasher (Naga Fighter)                 Turns: 3522, Time: 00:10:53

Health: -3/49      AC:  6    Str: 23    XL:     5   Next: 62%
Magic:  5/5        EV:  5    Int:  8    God:
Gold:   218        SH: 10    Dex: 10    Spells: 4/4 levels left

rFire    . . .     GDR:     24% a - +0 long sword
rCold    . . .     SeeInvis +   c - +0 medium shield
rNeg     . . .     Gourm    .   b - +0 scale mail
rPois    +         Faith    .   (no helmet)
rElec    .         Spirit   .   m - +0 cloak
rCorr    .         Reflect  .   (no gloves)
MR       .....                  (no barding)
Stlth    +.........             (no amulet)
HPRegen  0.18/turn              r - -2 ring of strength (curse)
MPRegen  0.09/turn              (no ring)

@: mighty, very slow
A: large, tail, swims, see invisible, deformed body, poison resistance, slowness
2, slow metabolism 1, spit poison 1, AC +1
a: Spit Poison


You were on level 3 of the Dungeon.
You were hungry.

You visited 1 branch of the dungeon, and saw 3 of its levels.

You collected 218 gold pieces.

Inventory:

Hand Weapons
 a - a +0 long sword (weapon)
Armour
 b - a +0 scale mail (worn)
 c - a +0 medium shield (worn)
 m - a +0 cloak (worn)
Jewellery
 r - a cursed -2 ring of strength (left hand)
Wands
 l - a wand of random effects (9)
Scrolls
 g - a scroll of amnesia
 i - a scroll of teleportation {unknown}
 o - a scroll of fear
 q - a scroll of fog
 s - a scroll of remove curse {unknown}
Potions
 f - a potion of haste {unknown}
 h - 5 potions of curing {unknown}
 j - a potion of resistance {unknown}
 k - a potion of mutation {unknown}
 n - 2 potions of heal wounds {unknown}
Comestibles
 e - 7 rations {!d}
 p - a chunk of flesh


   Skills:
 - Level 3.0 Fighting
 + Level 5.1 Long Blades
 - Level 2.4 Armour
 + Level 3.5 Stealth
 - Level 2.4 Shields


You had 4 spell levels left.
You didn't know any spells.
Your spell library was empty.

Dungeon Overview and Level Annotations

Branches:
Dungeon (3/12)

Altars:
Dithmenos
Vehumet

Annotations:
D:3 Grinder


Innate Abilities, Weirdness & Mutations

You cannot wear boots.
You can swim through water.
Your serpentine skin is tough. (AC +1)
You have supernaturally acute eyesight. (SInv)
Armour fits poorly on your strangely shaped body.
Your system is resistant to poisons. (rPois)
You cover ground very slowly.
You have a slow metabolism.
You can spit poison.


Message History

* * * LOW HITPOINT WARNING * * *
You writhe in agony.
* * * LOW HITPOINT WARNING * * *
You slash Grinder!
Grinder is heavily wounded.
The leopard gecko bites you but does no damage.
Grinder hits you.
* * * LOW HITPOINT WARNING * * *
You writhe in agony.
* * * LOW HITPOINT WARNING * * *
You slash Grinder!
Grinder is almost dead.
You block the leopard gecko's attack. Grinder gestures at you.
You resist with some effort.
Your shield and scale mail prevent you from hitting Grinder.
Grinder is almost dead.
The leopard gecko bites you but does no damage.
Grinder hits you!
You die...

#.........
##
#########.
.. #. .# #.
.. #. .#
#########.
$#
#....[....
#####.#
###.########
#.5@l.#
#...#
#.#####
#.### #.#
#.# #.# #.#
#.# #.#
#.#######.#
#.........#
###########


You could see Grinder and a leopard gecko.

Vanquished Creatures
  2 orc wizards (D:3)
  A worker ant (D:2)
  2 adders (D:3)
  5 worms
  A dart slug (D:1)
  4 leopard geckos
  5 orcs
  A ball python (D:1)
  4 bats
  2 giant cockroaches
  4 goblins
  7 hobgoblins
  7 jackals (D:3)
  2 quokkas (D:3)
  3 frilled lizards
  6 kobolds
  4 rats
60 creatures vanquished.

Notes
Turn   | Place    | Note
-------+----------+-------------------------------------------
     0 | D:1      | Mehrunes the Naga Fighter began the quest for the Orb.
     0 | D:1      | Reached XP level 1. HP: 21/21 MP: 1/1
   236 | D:1      | Reached XP level 2. HP: 28/28 MP: 2/2
   651 | D:1      | Reached skill level 3 in Long Blades
  1166 | D:1      | Reached XP level 3. HP: 21/34 MP: 3/3
  1496 | D:2      | Reached skill level 4 in Long Blades
  1496 | D:2      | Reached XP level 4. HP: 41/42 MP: 4/4
  2209 | D:2      | Found a shadowy altar of Dithmenos.
  2859 | D:3      | Reached skill level 1 in Stealth
  2878 | D:3      | Reached XP level 5. HP: 32/49 MP: 5/5
  3024 | D:3      | Found a radiant altar of Vehumet.
  3131 | D:3      | Reached skill level 5 in Long Blades
  3507 | D:3      | Noticed Grinder
  3522 | D:3      | Slain by Grinder

Skill      XL: |  1  2  3  4  5 |
---------------+----------------+-----
Long Blades    | 3 4 5 |  5.1
Stealth        | 2 3 |  3.5
Fighting       | |  3.0
Armour         | |  2.4
Shields        | |  2.4

Action                   |  1- 3 |  4- 6 || total
-------------------------+-------+-------++-------
Melee: Long sword        |    59 |   114 ||   173
 Abil: Spit Poison       |    19 |    18 ||    37
  Use: Scroll            |       |     3 ||     3
       Potion            |       |     1 ||     1
  Eat: Chunk             |     4 |     9 ||    13
Armor: Scale mail        |    30 |    55 ||    85
Dodge: Dodged            |    13 |    18 ||    31
Block: Medium shield     |       |    43 ||    43
